 Dungeon Crawl Stone Soup version 0.19-a0-812-g33f3bc8 (webtiles) character file.

560 Implojin the Cleaver (level 7, -6/57 HPs)
             Began as a Minotaur Fighter on June 28, 2016.
             Mangled by a centaur (7 damage)
             ... on level 6 of the Dungeon.
             The game lasted 00:03:39 (551 turns).

Implojin the Cleaver (Minotaur Fighter)              Turns: 551, Time: 00:03:40

Health: -6/57      AC:  6    Str: 21    XL:     7   Next: 9%
Magic:  6/6        EV:  7    Int:  5    God:
Gold:   38         SH:  9    Dex: 11    Spells: 0 memorised, 6 levels left

rFire  . . .     SeeInvis .     a - +0 war axe
rCold  . . .     Gourm    .     b - +0 scale mail
rNeg   . . .     Faith    .     c - +0 shield
rPois  .         Spirit   .     (helmet restricted)
rElec  .         Dismiss  .     (no cloak)
rCorr  .         Reflect  .     (no gloves)
SustAt .         Harm     .     (no boots)
MR     +....                    (no amulet)
Stlth  ..........               (no ring)
                                m - ring of protection from magic

@: somewhat resistant to hostile enchantments, extremely unstealthy
A: retaliatory headbutt, horns 2
a: no special abilities


You were on level 6 of the Dungeon.
You were not hungry.

You visited 1 branch of the dungeon, and saw 6 of its levels.

You collected 38 gold pieces.

Inventory:

Hand Weapons
 a - a +0 war axe (weapon)
 n - a +1 hand axe of freezing
Missiles
 p - 8 tomahawks (quivered)
Armour
 b - a +0 scale mail (worn)
 c - a +0 shield (worn)
Magical Staves
 k - an uncursed staff of death {unknown}
Jewellery
 m - a ring of protection from magic (left hand)
Scrolls
 d - a scroll of remove curse {unknown}
 e - a scroll of amnesia {unknown}
 j - a scroll of immolation {unknown}
 l - 2 scrolls of teleportation {unknown}
 q - a scroll of fear {unknown}
Potions
 o - a potion of flight {unknown}
 r - a potion of resistance {unknown}
Comestibles
 f - a bread ration


   Skills:
 - Level 3.6 Fighting
 * Level 9.4 Axes
 - Level 3.6 Armour
 - Level 3.6 Shields


You had 6 spell levels left.
You didn't know any spells.

Dungeon Overview and Level Annotations

Branches:
Dungeon (6/15)
 Temple: D:4-7

Altars:
Pakellas

Annotations:
D:4 Blork the orc


Innate Abilities, Weirdness & Mutations

You reflexively headbutt those who attack you in melee.
You have a pair of horns on your head.


Message History

The phantom closely misses you.
You barely miss the phantom. Your headbutt misses the phantom.
The phantom is almost destroyed.
The phantom hits you.
* * * LOW HITPOINT WARNING * * *
The phantom blinks!
There is a stone staircase leading down here.
You hit the phantom.
You destroy the phantom!
You have reached level 7!
You climb downwards.
You hear the sound of rushing water.
There is an entrance to a sewer on this level.
Hurry and find it before the portal rusts away!
There is a stone staircase leading up here.
A centaur comes into view.
The centaur shouts!
The centaur wields a shortbow.
The centaur shoots an arrow.
The arrow barely misses you.
You see here an arrow.
The centaur shoots an arrow.
You block the arrow.
The centaur shoots an arrow.
The arrow hits you!
* * * LOW HITPOINT WARNING * * *
You see here an arrow.
Okay, then.
Okay, then.
The centaur shoots an arrow.
You block the arrow.
You see here 2 arrows.
The centaur shoots an arrow.
The arrow hits you but does no damage.
The centaur shoots an arrow.
The arrow hits you!
* * * LOW HITPOINT WARNING * * *
You see here 2 arrows.
The centaur unwields an uncursed shortbow.
The centaur hits you.
* * * LOW HITPOINT WARNING * * *
Okay, then.
Okay, then.
You hit the centaur.
The centaur is moderately wounded.
The centaur hits you!
You die...

########
#.....<#
######.#
#.#####.#####
#........(@.#
#.#####.###c#
#...........#
######.###(.#
#.# #(.# #.#
#..# #.#
#...# #.#
#.#.# #.#
....#


You could see a centaur.

Vanquished Creatures
  A phantom (D:5)
  A sky beast (D:5)
  An ogre (D:4)
  A howler monkey (D:4)
  A giant frog skeleton (D:4)
  A hound (D:4)
  4 orc wizards
  2 worker ants
  An adder (D:3)
  10 orcs
  A giant cockroach (D:4)
  2 hobgoblins
  A quokka (D:4)
  A bat (D:3)
  A rat (D:1)
29 creatures vanquished.

Notes
Turn   | Place    | Note
--------------------------------------------------------------
     0 | D:1      | Implojin the Minotaur Fighter began the quest for the Orb.
     0 | D:1      | Reached XP level 1. HP: 19/19 MP: 0/0
    57 | D:3      | Reached skill level 3 in Axes
    57 | D:3      | Reached XP level 2. HP: 26/26 MP: 1/1
    70 | D:3      | Found an oddly glowing altar of Pakellas.
   172 | D:4      | Reached skill level 4 in Axes
   172 | D:4      | Reached XP level 3. HP: 31/31 MP: 2/2
   199 | D:4      | Reached skill level 5 in Axes
   199 | D:4      | Reached XP level 4. HP: 24/39 MP: 3/3
   295 | D:4      | Noticed an ogre
   300 | D:4      | Killed an ogre
   300 | D:4      | Reached skill level 6 in Axes
   300 | D:4      | Reached XP level 5. HP: 43/45 MP: 4/4
   358 | D:4      | Reached skill level 7 in Axes
   382 | D:4      | Noticed Blork the orc
   382 | D:5      | Entered Level 5 of the Dungeon
   382 | D:5      | Noticed a sky beast
   405 | D:5      | Killed a sky beast
   405 | D:5      | Reached skill level 8 in Axes
   405 | D:5      | Reached XP level 6. HP: 15/51 MP: 5/5
   492 | D:5      | Reached skill level 9 in Axes
   527 | D:5      | Reached XP level 7. HP: 19/57 MP: 6/6
   550 | D:6      | HP: 1/57 [centaur (2)]
   551 | D:6      | Mangled by a centaur

Vault maps used:
D:1:      dpeg_arrival_water_fire, minmay_misc_feat_doors
D:2:      grunt_ministairs_2
D:3:      first_bread, grunt_pakellas_mercury
D:4:      tso_oasis_becter, uniq_blork_the_orc, uniq_edmund,
          uniq_crazy_yiuf_cottage, uniq_menkaure
D:5:      lemuel_crystal_altar
D:6:      tgw_xom, gup_sewer_entry_bubbles

Skill      XL: |  1  2  3  4  5  6 |
---------------+-------------------+-----
Axes           | 3 4 5 6 8 9 |  9.4
Fighting       | |  3.6
Armour         | |  3.6
Shields        | |  3.6

Action                   |  1- 3 |  4- 6 |  7- 9 || total
-------------------------+-------+-------+-------++-------
Melee: War axe           |    23 |    73 |     1 ||    97
       Headbutt          |     3 |    14 |       ||    17
  Use: Potion            |       |     3 |       ||     3
       Scroll            |       |     2 |       ||     2
Armor: Scale mail        |     7 |    24 |     1 ||    32
Dodge: Dodged            |     8 |    15 |     1 ||    24
Block: Shield            |    11 |    33 |     2 ||    46

Table legend:
 A = Turns spent in this place as a percentage of turns spent in the entire game.
 B = Non-inter-level travel turns spent in this place as a percentage of non-inter-level travel turns spent in the entire game.
 C = Inter-level travel turns spent in this place as a percentage of turns spent in this place.
 D = Turns resting spent in this place as a percentage of non-inter-level travel turns spent in this place.
 E = Turns spent auto-exploring this place as a percentage of non-inter-level travel turns spent in this place.
 F = Non-inter-level travel turns spent in this place divided by the number of levels of this place that you've seen.
                   A       B       C       D       E      F
               +-------+-------+-------+-------+-------+----------------------
         Total | 100.0 | 100.0 |   0.0 |   0.0 |   0.0 |  93.3
       Dungeon | 100.0 | 100.0 |   0.0 |   0.0 |   0.0 |  93.3
               +-------+-------+-------+-------+-------+----------------------

Table legend:
 A = Kills in this place as a percentage of kills in entire the game.
 B = Kills by you in this place as a percentage of kills by you in the entire game.
 C = Kills by friends in this place as a percentage of kills by friends in the entire game.
 D = Other kills in this place as a percentage of other kills in the entire game.
 E = Experience gained in this place as a percentage of experience gained in the entire game.
 F = Experience gained in this place divided by the number of levels of this place that you have seen.
                   A       B       C       D       E      F
               +-------+-------+-------+-------+-------+----------------------
         Total | 100.0 | 100.0 |  -nan |  -nan | 100.0 | 133.3
       Dungeon | 100.0 | 100.0 |  -nan |  -nan | 100.0 | 133.3
               +-------+-------+-------+-------+-------+----------------------
